 Dungeon Sprint DCSS version 0.21-a0-203-gb066a6e (webtiles) character file.

1179 KristoblXynda the Covert (level 8, -1/57 HPs)
             Began as a Black Draconian Enchanter on Aug 19, 2017.
             Slain by a deep troll (6 damage)
             ... in the Dungeon (Sprint I: "Red Sonja").
             The game lasted 00:03:51 (809 turns).

KristoblXynda the Covert (Black Draconian Enchanter) Turns: 809, Time: 00:03:52

Health: -1/57      AC:  7    Str: 11    XL:     8   Next: 18%
Magic:  18/21      EV: 12    Int: 17    God:
Gold:   116        SH:  0    Dex: 14    Spells: 19/25 levels left

rFire    . . .     SeeInvis .   l - +2 short sword (distort)
rCold    . . .     Gourm    .   (no shield)
rNeg     . . .     Faith    .   (armour unavailable)
rPois    .         Spirit   .   (helmet restricted)
rElec    +         Reflect  .   (no cloak)
rCorr    .         Harm     .   f - +0 pair of gloves of the Turtledove {MR+ Dex+2 Stlth+}
MR       +....     NoTele   +   (no boots)
Stlth    +++++.....             (no amulet)
HPRegen  0.19/turn              (no ring)
MPRegen  0.17/turn              (no ring)

@: no status effects
A: breathe lightning, unfitting armour, electricity resistance, cold-blooded, AC
+6
a: Breathe Lightning


You were in the Dungeon.
You were not hungry.

You visited 1 branch You collected 405 gold pieces.
You spent 289 gold pieces at shops.

Inventory:

Hand Weapons
 l - a +2 short sword of distortion (weapon)
Armour
 f - the +0 pair of gloves of the Turtledove (worn) {MR+ Dex+2 Stlth+}
   (You bought it in a shop in the Dungeon)

   It affects your dexterity (+2).
   It affects your resistance to hostile enchantments.
   It makes you more stealthy.
Jewellery
 j - an uncursed ring of fire
Scrolls
 i - 2 scrolls of blinking
Potions
 d - a potion of curing
 e - a potion of heal wounds
 g - 2 potions of magic
 k - a potion of lignification {unknown}
Books
 b - a book of Maledictions

   Spells                             Type                      Level
   a - Corona                         Hexes                        1
   b - Ensorcelled Hibernation        Hexes/Ice                    2
   c - Confuse                        Hexes                        3
   d - Tukima's Dance                 Hexes                        3
   e - Dazzling Spray                 Conjuration/Hexes            3
Comestibles
 c - a bread ration
 h - a royal jelly


   Skills:
 + Level 5.4 Short Blades
 - Level 1.7 Dodging
 + Level 10.4 Stealth
 + Level 9.4 Spellcasting
 + Level 9.5 Hexes


You had 19 spell levels left.
You knew the following spells:

 Your Spells              Type           Power        Failure   Level  Hunger
a - Corona                Hex            #####..      1%          1    None
b - Ensorcelled Hibernat  Hex/Ice        ###...       1%          2    None
c - Confuse               Hex            #####...     1%          3    None


Dungeon Overview and Level Annotations

Branches:
Dungeon (1/1)

Altars:
Cheibriados
Dithmenos
Elyvilon
Fedhas
Gozag
Hepliaklqana
Kikubaaqudgha
Makhleb
Nemelex Xobeh
Okawaru
Qazlal
Ru
Sif Muna
Trog
Uskayaw
Vehumet
Wu Jian
Xom
Yredelemnul
Zin
The Shining One
Jiyva
Lugonu

Shops:
D ([


Innate Abilities, Weirdness & Mutations

You can breathe wild blasts of lightning.
Your glossy black scales are hard. (AC +6)
You cannot fit into any form of body armour.
You are resistant to electric shocks. (rElec)
You are cold-blooded and may be slowed by cold attacks.


Message History

There is an entrance to Diumm's Antique Weapon Boutique here.
There is an open door here.
You open the door.
A deep troll comes into view.
Found 108 gold pieces.
There is an open door here.
You see here 27 gold pieces.
The deep troll shouts!
The deep troll bites you! The deep troll claws you!! The deep troll claws you!
You see here 27 gold pieces.
Casting: Confuse
Confirm with . or Enter, or press ? or * to list all spells.
Aiming: Confuse
Press: ? - help, Shift-Dir - straight line, f - deep troll
Aim: a deep troll (chance to defeat MR: 50%)
The deep troll appears confused.
The deep troll bites you!!
* * * LOW HITPOINT WARNING * * *
The deep troll claws you.
You die...

.#####'#####'#__#
.####..#...#.####
.#__####..##.#
.#_____##'#_.+
⌠#_.∩...'..._#
##_..__##_.#'#
#_____###'#.#
##########.####+###
........'...'$$.@T+
#++++####.).#######
##.## #+#


You could see a deep troll (confused).

Vanquished Creatures
  Sonja (D)
  A slime creature (D)
  Sigmund (D)
  A yak (D)
  An ogre (D)
  A jelly (D)
  Ijyb (D)
7 creatures vanquished.

Notes
Turn   | Place    | Note
-------+----------+-------------------------------------------
     0 | D        | KristoblXynda the Draconian Enchanter began the quest for the Orb.
     0 | D        | Reached XP level 1. HP: 14/14 MP: 3/3
     2 | D        | Noticed Ijyb
    21 | D        | Killed Ijyb
    21 | D        | Reached skill level 4 in Stealth
    21 | D        | Reached XP level 2. HP: 20/20 MP: 3/6
   107 | D        | Learned a level 2 spell: Ensorcelled Hibernation
   108 | D        | Noticed an ogre
   120 | D        | Killed an ogre
   120 | D        | Reached skill level 6 in Stealth
   120 | D        | Reached skill level 5 in Spellcasting
   120 | D        | Reached skill level 5 in Hexes
   120 | D        | Reached XP level 3. HP: 26/26 MP: 4/9
   120 | D        | Reached XP level 4. HP: 33/33 MP: 4/11
   129 | D        | Learned a level 3 spell: Confuse
   129 | D        | Noticed Sigmund
   141 | D        | Killed Sigmund
   141 | D        | Reached skill level 7 in Stealth
   141 | D        | Reached XP level 5. HP: 27/38 MP: 0/14
   255 | D        | Found an ornate altar of the Wu Jian Council.
   255 | D        | Found a deep blue altar of Sif Muna.
   257 | D        | Found a radiant altar of Vehumet.
   261 | D        | Reached skill level 8 in Stealth
   261 | D        | Reached XP level 6. HP: 45/45 MP: 16/16
   300 | D        | Found Qetraotoad's Armour Emporium.
   300 | D        | Found an ancient bone altar of Kikubaaqudgha.
   300 | D        | Found a hazy altar of Hepliaklqana.
   300 | D        | Found a stormy altar of Qazlal.
   300 | D        | Found a hide-covered altar of Uskayaw.
   300 | D        | Found a blossoming altar of Fedhas.
   300 | D        | Found a bloodstained altar of Trog.
   300 | D        | Found an iron altar of Okawaru.
   300 | D        | Found a basalt altar of Yredelemnul.
   300 | D        | Found a glowing golden altar of the Shining One.
   300 | D        | Found a snail-covered altar of Cheibriados.
   300 | D        | Found a sacrificial altar of Ru.
   300 | D        | Found a glowing silver altar of Zin.
   300 | D        | Found a shadowy altar of Dithmenos.
   300 | D        | Found a white marble altar of Elyvilon.
   300 | D        | Noticed a yak
   301 | D        | Found an opulent altar of Gozag.
   306 | D        | Found a sparkling altar of Nemelex Xobeh.
   314 | D        | Killed a yak
   599 | D        | Bought the +0 pair of gloves of the Turtledove {MR+ Dex+2 Stlth+} for 289 gold pieces
   615 | D        | Found a viscous altar of Jiyva.
   615 | D        | Found a corrupted altar of Lugonu.
   615 | D        | Noticed a slime creature
   616 | D        | Found a burning altar of Makhleb.
   616 | D        | Found a shimmering altar of Xom.
   637 | D        | Killed a slime creature
   637 | D        | Reached skill level 9 in Stealth
   637 | D        | Your scales start taking on a glossy black colour.
   637 | D        | Reached XP level 7. HP: 32/50 MP: 15/18
   637 | D        | Gained mutation: You are resistant to electric shocks. (rElec) [Black Draconian growth]
   756 | D        | Noticed Sonja
   760 | D        | Killed Sonja
   760 | D        | Reached skill level 5 in Short Blades
   760 | D        | Reached skill level 10 in Stealth
   760 | D        | Reached XP level 8. HP: 57/57 MP: 19/21
   781 | D        | Found Diumm's Antique Weapon Boutique.
   803 | D        | Noticed a deep troll
   809 | D        | Slain by a deep troll

Vault maps used:
D:        dungeon_sprint_1

Skill      XL: |  1  2  3  4  5  6  7 |
---------------+----------------------+-----
Stealth        | 4 6 7 8 9 10 | 10.4
Spellcasting   | 3 5 6 7 8 9 |  9.4
Hexes          | 3 5 7 8 9 |  9.5
Short Blades   | 3 5 |  5.4
Dodging        | |  1.7

Action                   |  1- 3 |  4- 6 |  7- 9 || total
-------------------------+-------+-------+-------++-------
Melee: Dagger            |    18 |    33 |     1 ||    52
       Tailslap          |     3 |     4 |       ||     7
 Cast: Ensorcelled Hiber |     1 |     1 |       ||     2
       Confuse           |       |     5 |     1 ||     6
  Use: Potion            |     2 |       |       ||     2
 Stab: Sleeping          |     3 |     3 |     1 ||     7
       Confused          |       |     3 |       ||     3
Armor: Skin              |     1 |     1 |       ||     2
Dodge: Dodged            |     6 |     5 |       ||    11
